 Dungeon Crawl Stone Soup version 0.29.1-12-g30fa7ad0bf (webtiles) character file.

Game seed: 10161583046035054063

53 sankara the Trooper (level 3, -4/33 HPs)
             Began as a Minotaur Fighter on Jan 7, 2023.
             Slain by Crazy Yiuf
             ... wielding a +4 quarterstaff of chaos
              (10 damage)
             ... on level 2 of the Dungeon.
             The game lasted 00:02:16 (1696 turns).

sankara the Trooper (Minotaur Fighter)              Turns: 1696, Time: 00:02:16

Health: -4/33      AC:  9    Str: 20    XL:     3   Next: 64%
Magic:  2/2        EV: 12    Int:  5    God:
Gold:   143        SH:  4    Dex: 11    Spells: 2/2 levels left

rFire   . . .      SeeInvis .   a - +0 war axe
rCold   . . .      Faith    .   c - +0 buckler
rNeg    . . .      Spirit   .   o - +0 chain mail
rPois   .          Reflect  .   (helmet restricted)
rElec   .          Harm     .   (no cloak)
rCorr   .          Rampage  .   (no gloves)
Will    .....                   (no boots)
Stlth   ..........              l - amulet of the acrobat
HPRegen 0.11/turn               (no ring)
MPRegen 0.08/turn               (no ring)

@: agile, lethally poisoned (-4 -> -5)
A: horns 2, retaliatory headbutt
a: no special abilities


You were on level 2 of the Dungeon.
You visited 1 branch of the dungeon, and saw 2 of its levels.

You collected 143 gold pieces.

Inventory:

Hand Weapons
 a - a +0 war axe (weapon)
 h - a +0 sling
Armour
 c - a +0 buckler (worn)
 o - a +0 chain mail (worn)
Jewellery
 l - an amulet of the acrobat (around neck)
Scrolls
 e - 4 scrolls of magic mapping {unknown}
 g - a scroll of teleportation {unknown}
 i - a scroll of noise {unknown}
 k - 3 scrolls of identify {unknown}
 m - a scroll of poison {unknown}
Potions
 d - 3 potions of might
 f - a potion of curing
 j - a potion of attraction {unknown}
 n - a potion of magic {unknown}


   Skills:
 + Level 4.1 Fighting
 * Level 3.5 Axes
 + Level 4.1 Armour
 + Level 4.1 Shields


You had 2 spell levels left.
You didn't know any spells.
Your spell library contained the following spells:

 Spells                   Type           Power      Damage    Failure   Level
 Magic Dart               Conj           0%         1d3       100%        1
 Gell's Gravitas          Tloc           0%         N/A       100%        3
 Teleport Other           Tloc           0%         N/A       100%        3
 Dispersal                Tloc           0%         N/A       100%        6


Dungeon Overview and Level Annotations

Branches:
Dungeon (2/15)

Altars:

Annotations:
D:2 Crazy Yiuf


Innate Abilities, Weirdness & Mutations

You have a pair of horns on your head.
You reflexively headbutt those who attack you in melee.


Message History

You slash Crazy Yiuf!
Crazy Yiuf is heavily wounded.
Crazy Yiuf barely misses you.
You slash Crazy Yiuf!
Crazy Yiuf is almost dead.
Crazy Yiuf hits you with a +4 quarterstaff of chaos!
Crazy Yiuf burns you.
Crazy Yiuf hits you with a +4 quarterstaff of chaos.
Crazy Yiuf draws strength from your wounds!
You are too injured to fight recklessly!
You barely miss Crazy Yiuf. You headbutt Crazy Yiuf.
Crazy Yiuf is severely wounded.
Crazy Yiuf says, "Liver arga seventy!"
Crazy Yiuf hits you with a +4 quarterstaff of chaos.
You feel agile all of a sudden.
You hit Crazy Yiuf but do no damage.
Crazy Yiuf is severely wounded.
Crazy Yiuf closely misses you. You block Crazy Yiuf's attack.
You hit Crazy Yiuf.
Crazy Yiuf is severely wounded.
Crazy Yiuf hits you but does no damage.
You are poisoned.
You barely miss Crazy Yiuf. You headbutt Crazy Yiuf.
Crazy Yiuf is almost dead.
You feel very sick. You block Crazy Yiuf's attack.
You closely miss Crazy Yiuf.
Crazy Yiuf is almost dead.
You feel sick.
Crazy Yiuf sings, "Trees, trees, trees, circus!"
Crazy Yiuf barely misses you.
Crazy Yiuf drinks a potion.
Crazy Yiuf is healed!
You barely miss Crazy Yiuf.
Crazy Yiuf is heavily wounded.
You feel sick. Crazy Yiuf closely misses you.
You hit Crazy Yiuf but do no damage.
Crazy Yiuf is heavily wounded.
You feel sick. Crazy Yiuf closely misses you. You furiously retaliate!
You headbutt Crazy Yiuf, but do no damage.
Crazy Yiuf hits you with a +4 quarterstaff of chaos!
You die...

#.# #...... #.#
##'#### #.# #.# #.#
##### #(#### #.# #..)#
#.##.. #.# #### #...#
#.##.. #.# ##[.# ...
#######.##..
#.######...# #g#
#........+..
#..........# ♣♣@♣
#######.##..
#######....# ♣.♣♣
#.##.. #....# ♣♣.♣
##### #.##.. #>...#
♣.♣♣ #...# #.##..
#########..# ♣♣.♣♣
###.# #.####
.......##..# ♣..P♣♣
#.# #.....
.......##..# ♣P...♣
#.# #.####
.......##..# #....#
#.# ### #
.......##..####..#####
#># #


You could see Crazy Yiuf.

Vanquished Creatures
  An adder (D:2)
  A worm (D:2)
  2 dart slugs
  3 ball pythons (D:1)
  2 bats
  3 giant cockroaches
  5 goblins
  2 hobgoblins (D:1)
  2 jackals (D:2)
  3 quokkas
  5 kobolds
  4 rats
33 creatures vanquished.

Vanquished Creatures (others)
  3 fungi (D:1)
  A plant (D:1)
4 creatures vanquished.

Grand Total: 37 creatures vanquished

Notes
Turn   | Place    | Note
-------+----------+-------------------------------------------
     0 | D:1      | sankara the Minotaur Fighter began the quest for the Orb.
     0 | D:1      | Reached XP level 1. HP: 19/19 MP: 0/0
   155 | D:1      | Reached XP level 2. HP: 22/27 MP: 1/1
   155 | D:1      | Found a faded altar of an unknown god.
   178 | D:1      | Got Plato's Compendium of Conflict
   943 | D:2      | Reached XP level 3. HP: 33/33 MP: 2/2
  1415 | D:2      | Found a runed translucent door.
  1416 | D:2      | Noticed Crazy Yiuf
  1696 | D:2      | Slain by Crazy Yiuf

Illustrated notes

Levels and vault maps discovered:
D:1:      dpeg_arrival_prison, layout_basic, shapermc_ecumenical_altar_rom_forum
D:2:      layout_basic, uniq_crazy_yiuf_cottage

Skill      XL: |  1  2 |
---------------+-------+-----
Axes           | 3 |  3.5
Fighting       | 4 |  4.1
Armour         | 4 |  4.1
Shields        | 4 |  4.1

Action                   || total
-------------------------++-------
Melee: War axe           ||    70
       Headbutt          ||    10
Armor: Scale mail        ||    21
       Chain mail        ||     1
Dodge: Dodged            ||    19
Block: Buckler           ||    14
